 Dungeon Crawl Stone Soup version 0.31-a0-1611-g890cdf5628 (webtiles) character file.

Game seed: 11542684587148204476

221074 monsoonserge the Convoker (level 19, -2/136 (145) HPs)
             Began as a Barachi Summoner on Jan 7, 2024.
             Was the Champion of Cheibriados.
             Slain by a wolf spider (8 damage)
             ... on level 4 of the Spider Nest on Jan 9, 2024.
             The game lasted 04:22:21 (40191 turns).

monsoonserge the Convoker (Barachi Summoner)       Turns: 40191, Time: 04:22:22

HP:   -2/136 (145)  AC: 16    Str: 24    XL:     19   Next: 19%
MP:   8/38          EV: 23    Int: 53    God:    Cheibriados [******]
Gold: 3543          SH: 27    Dex: 34    Spells: 2/49 levels left

rFire   . . .        q - +8 trident "Taishow" {flame, +Blink Str-5 Int+6}
rCold   + + +        m - +0 tower shield {rC+}
rNeg    + + +        B - +4 skin of Zhor {*Englaciate rC+++ SInv}
rPois   +            U - +2 helmet
rElec   +            Q - +1 cloak "Vudac" {Fly Dex+3}
rCorr   +            w - +0 pair of gloves {Str+3}
SInv    +            V - +1 pair of boots of the Fletcher {rElec Str+5}
Will    +....        X - amulet "Ufuuce" {Reflect rElec rN+ Dex+2 SH+5 SInv Stlth+}
Stlth   +++++        I - +6 ring of intelligence
HPRegen 0.42/turn    K - ring "Raqeyl" {rPois rN++ rCorr Str-3 Int+3}
MPRegen 0.26/turn

%: reflection
@: forested, unable to hop, flying, studying Dodging, drained, very slow
A: amphibious, slowness 1, strong legs 2, +LOS
}: 1/15 runes: barnacled
a: Hop, Renounce Religion, Evoke Blink, Bend Time, Temporal Distortion, Slouch,
Step From Time


You were on level 4 of the Spider Nest.
You worshipped Cheibriados.
Cheibriados was exalted by your worship.
You visited 6 branches of the dungeon, and saw 31 of its levels.
You visited 1 bazaar.
You also visited: Bailey, Ice Cave and Volcano.

You collected 5441 gold pieces.
You spent 1898 gold pieces at shops.

Inventory:

Hand Weapons
 c - the +9 arbalest "Wallulue" {heavy, rN++ Dex-3}
   (You bought it in a shop in a bazaar)

   Dex-3:     It affects your dexterity (-3).
   rN++:      It greatly protects you from negative energy.
 q - the +8 trident "Taishow" (weapon) {flame, +Blink Str-5 Int+6}
   (You found it on level 5 of the Lair of Beasts)

   Str-5:     It affects your strength (-5).
   Int+6:     It affects your intelligence (+6).
   +Blink:    It lets you blink.
 H - a +2 demon trident of flaming
Missiles
 j - 16 atropa-tipped darts
 p - a curare-tipped dart
 D - 25 boomerangs (quivered)
 G - 7 silver javelins
 Z - 18 javelins
Armour
 m - a +0 tower shield of cold resistance (worn)
 w - a +0 pair of gloves of strength (worn)
 B - the +4 skin of Zhor (worn) {*Englaciate rC+++ SInv}
   (You found it on level 3 of the Lair of Beasts)

   *Englaciate: It radiates cold, occasionally slowing all nearby creatures who
   are not resistant to cold.
   rC+++:     It renders you almost immune to cold.
   SInv:      It lets you see invisible.
 Q - the +1 cloak "Vudac" (worn) {Fly Dex+3}
   (You found it on level 9 of the Dungeon)

   Dex+3:     It affects your dexterity (+3).
   Fly:       It grants you flight.
 U - a +2 helmet (worn)
 V - the +1 pair of boots of the Fletcher (worn) {rElec Str+5}
   (You acquired it in a bailey)

   Str+5:     It affects your strength (+5).
   rElec:     It insulates you from electricity.
Jewellery
 I - a +6 ring of intelligence (left hand)
 K - the ring "Raqeyl" (right hand) {rPois rN++ rCorr Str-3 Int+3}
   (You found it on level 4 of the Shoals)

   [ring of poison resistance]

   Str-3:     It affects your strength (-3).
   Int+3:     It affects your intelligence (+3).
   rPois:     It protects you from poison rN++: It greatly protects you from
   negative energy.
   rCorr:     It protects you from acid and corrosion.
 X - the amulet "Ufuuce" (around neck) {Reflect rElec rN+ Dex+2 SH+5 SInv Stlth+}
   (You acquired it in a bailey)

   [amulet of reflection]

   Reflect:   It reflects blocked missile attacks.
   Dex+2:     It affects your dexterity (+2).
   rElec:     It insulates you from electricity.
   rN+:       It protects you from negative energy.
   SInv:      It lets you see invisible.
   SH+5:      It affects your SH (+5).
   Stlth+:    It makes you more stealthy.
Wands
 d - a wand of iceblast (23)
 e - a wand of digging (19)
 y - a wand of mindburst (21)
 M - a wand of light (21)
 P - a wand of polymorph (5)
 S - a wand of charming (32)
Scrolls
 f - 8 scrolls of fog
 g - 3 scrolls of amnesia
 k - 3 scrolls of brand weapon
 s - 5 scrolls of blinking
 t - 4 scrolls of fear
 u - 9 scrolls of poison
 x - 5 scrolls of silence
 C - 4 scrolls of enchant weapon
 L - 6 scrolls of revelation
 N - 10 scrolls of teleportation
 O - 4 scrolls of torment
 T - a scroll of enchant armour
 Y - 2 scrolls of summoning
Potions
 a - a potion of ambrosia
 b - 5 potions of magic
 h - a potion of cancellation
 i - 12 potions of curing
 l - 9 potions of might
 n - 4 potions of berserk rage
 o - 6 potions of resistance
 r - 3 potions of enlightenment
 v - a potion of lignification
 A - 6 potions of heal wounds
 E - 3 potions of invisibility
 J - 7 potions of attraction
 R - 5 potions of brilliance
 W - 5 potions of mutation
Miscellaneous
 z - a phantom mirror
 F - a sack of spiders


   Skills:
 + Level 11.7 Fighting
 - Level 3.1 Short Blades
 - Level 0.2(9.8) Axes
 - Level 13.9(14.0) Polearms
 - Level 1.0(9.8) Staves
 + Level 3.9 Throwing
 + Level 8.2 Armour
 * Level 10.1 Dodging
 - Level 4.0 Stealth
 * Level 10.0 Shields
 * Level 15.7 Spellcasting
 - Level 2.0 Hexes
 + Level 20.0 Summonings
 * Level 6.2 Translocations
 - Level 2.0 Fire Magic
 - Level 2.0 Air Magic
 + Level 8.5 Invocations
 + Level 7.0 Evocations


You had 2 spell levels left.
You knew the following spells:

 Your Spells              Type           Power      Damage    Failure   Level
a - Summon Small Mammal   Summ           100%       N/A       0%          1
b - Malign Gateway        Summ/Tloc      55%        N/A       5%          7
c - Summon Blazeheart Go  Fire/Summ      100%       N/A       1%          4
d - Summon Lightning Spi  Summ/Air       100%       N/A       1%          4
e - Summon Forest         Summ/Tloc      55%        N/A       1%          5
f - Summon Cactus Giant   Summ           65%        N/A       1%          6
g - Summon Mana Viper     Hex/Summ       100%       N/A       1%          5
h - Summon Hydra          Summ           65%        N/A       1%          7
i - Blink                 Tloc           100%       N/A       1%          2
j - Dispersal             Tloc           41%        N/A       17%         6

Your spell library contained the following spells:

 Spells                   Type           Power      Damage    Failure   Level
 Call Imp                 Summ           100%       N/A       0%          2
 Freeze                   Ice            100%       1d10      1%          1
 Magic Dart               Conj           100%       1d8       1%          1
 Sandblast                Erth           82%        2d17      1%          1
 Shock                    Conj/Air       100%       1d9       1%          1
 Sting                    Conj/Alch      100%       1d9       1%          1
 Ensorcelled Hibernation  Hex/Ice        100%       N/A       1%          2
 Mercury Vapours          Alch/Air       100%       N/A       1%          2
 Sublimation of Blood     Necr           41%        N/A       2%          2
 Call Canine Familiar     Summ           100%       N/A       0%          3
 Confusing Touch          Hex            58%        N/A       1%          3
 Gell's Gravitas          Tloc           82%        N/A       1%          3
 Inner Flame              Hex/Fire       58%        N/A       1%          3
 Summon Ice Beast         Ice/Summ       99%        N/A       1%          3
 Swiftness                Air            58%        N/A       1%          3
 Teleport Other           Tloc           82%        N/A       1%          3
 Tukima's Dance           Hex            58%        N/A       1%          3
 Volatile Blastmotes      Fire/Tloc      100%       2d18      1%          3
 Manifold Assault         Tloc           82%        N/A       1%          4
 Monstrous Menagerie      Summ           65%        N/A       1%          7
 Dazzling Flash           Conj/Hex       100%       N/A       2%          3
 Dimensional Bullseye     Hex/Tloc       35%        N/A       2%          4
 Vhi's Electric Charge    Tloc/Air       100%       N/A       2%          4
 Frozen Ramparts          Ice            82%        1d13      4%          3
 Hailstorm                Conj/Ice       41%        3d9       4%          3
 Ozocubu's Armour         Ice            41%        N/A       4%          3
 Passwall                 Erth           41%        N/A       4%          3
 Stone Arrow              Conj/Erth      82%        3d12      4%          3
 Iskenderun's Mystic Bla  Conj/Tloc      65%        2d13      4%          4
 Airstrike                Air            29%        2d(5-21)  6%          4
 Brom's Barrelling Bould  Conj/Erth      41%        2d6       14%         4
 Leda's Liquefaction      Alch/Erth      20%        N/A       14%         4
 Olgreb's Toxic Radiance  Alch           41%        N/A       14%         4
 Petrify                  Alch/Erth      41%        N/A       14%         4
 Haunt                    Necr/Summ      49%        N/A       21%         7
 Arcjolt                  Conj/Air       25%        1d35      26%         5
 Fireball                 Conj/Fire      25%        3d11      26%         5
 Metabolic Englaciation   Hex/Ice        25%        N/A       26%         5
 Irradiate                Conj/Alch      20%        3d18      36%         5
 Iskenderun's Battlesphe  Conj           41%        2d9       36%         5
 Conjure Ball Lightning   Conj/Air       25%        3x3d7     82%         6
 Starburst                Conj/Fire      25%        6d8       82%         6
 Eringya's Noxious Bog    Alch           20%        4d6       91%         6
 Sculpt Simulacrum        Ice/Alch       20%        N/A       91%         6
 Orb of Destruction       Conj           20%        9d8       100%        7
 Discord                  Hex            29%        N/A       100%        8
 Disjunction              Tloc           41%        N/A       100%        8
 Ignition                 Fire           29%        3d9       100%        8
 Maxwell's Capacitive Co  Air            29%        ∞         100%        8
 Fire Storm               Conj/Fire      25%        8d7       100%        9


Dungeon Overview and Level Annotations

Branches:
Dungeon (15/15)            Temple (1/1) D:6            Lair (5/5) D:11
 Shoals (4/4) Lair:2       Spider (4/4) Lair:3        Slime (0/5) Lair:4
    Orc (2/2) D:12            Elf (0/3) Orc:2        Vaults (0/5) D:14
 Depths (0/4) D:15         Bailey (visited)           IceCv (visited)
Volcano (visited)

Altars:
Ashenzari
Cheibriados
Dithmenos
Elyvilon
Fedhas
Gozag
Hepliaklqana
Kikubaaqudgha
Makhleb
Nemelex Xobeh
Okawaru
Qazlal
Ru
Sif Muna
Trog
Uskayaw
Vehumet
Wu Jian
Xom
Yredelemnul
Zin
The Shining One
Lugonu

Shops:
D:1 :*=   D:13 ((!(   Orc:1 :   Orc:2 [*=?:

Portals:
Abyss: Shoals:1
Trove: D:14 (show slimy rune of Zot)

Annotations:
Spider:4 3 runed translucent doors, Ceotz's ghost, adept MiFi; DeathSocks's ghost, adept HOMo; Doehiogo's ghost, adept DsRe; Donald; Midpoint's ghost, adept DsRe


Innate Abilities, Weirdness & Mutations

You are amphibious.
You cover ground slowly.
You can hop long distances.
You have an extended range of vision and can be seen from far away.


Message History

Unknown command.
The jumping spider leaps!
You block the wolf spider's attack. x2
The pharaoh ant is struck by your cactus giant's spines.
The pharaoh ant bites your cactus giant!!
Your cactus giant is destroyed!
Your cactus giant disappears in a puff of smoke!
Donald misses you. The wolf spider hits you! The wolf spider barely misses you.
The wolf spider hits you! The wolf spider completely misses you.
The jumping spider leaps!
You block Donald's attack.
The culicivora chitters at the broodmother.
The broodmother is healed somewhat.
The wolf spider hits you! You block the wolf spider's attack.
The jumping spider pounces on you but does no damage.
The jumping spider bites you but does no damage.
The culicivora chitters at the wolf spider.
The wolf spider's many legs skitter.
The wolf spider is healed somewhat.
There is a stone staircase leading up, spattered with blood here.
Unknown command.
Unknown command.
Unknown command.
Unknown command.
Unknown command.
Unknown command.
The steelbarb worm is no longer moving slowly.
Donald hits you from afar with a +0 demon trident!!
* * * LOW HITPOINT WARNING * * *
You block the jumping spider's attack. x2; You block the wolf spider's attack.
The wolf spider barely misses you. You block the wolf spider's attack.
The wolf spider misses you.
The culicivora chitters at the wolf spider.
The wolf spider's wounds heal themselves!
The jumping spider misses you.
The jumping spider bites you but does no damage.
Donald says, "The air in here stinks.
I hate that."
Donald hits you from afar with a +0 demon trident!
* * * LOW HITPOINT WARNING * * *
The jumping spider completely misses you. x2
The wolf spider barely misses you. The wolf spider bites you!
You die...

..#^.##........^....# ..W
#.................^.####+
......[.<................
#........................
........^................
....<....................
...^.....................
.........s@s....♣♣.......
#......s@sss.s...........
....^...sssws..B.♣.......
....^.......s.s..........
...........s.s...^.†.....
.............s.s....§....
.............B..♣♣ss†....
..............$ss^†.†ss♣♣
...............°ss.s.♣Bs♣
...............♣♣...Bss..


You could see a broodmother, Donald (fast, strong), an entropy weaver, a
steelbarb worm, 3 wolf spiders, an orb spider, 7 culicivoras, a pharaoh ant, 5
jumping spiders and 3 redbacks.

Vanquished Creatures
  A sphinx (Shoals:4)
  Aizul (Spider:4)
  A fire giant (D:11)
  An emperor scorpion (Spider:1)
  Louise (Spider:1)
  A very ugly thing (IceCv)
  2 broodmothers (Spider:4)
  A spark wasp (Spider:1)
  A dire elephant (Lair:5)
  A minotaur (Shoals:4)
  A blizzard demon (IceCv)
  4 entropy weavers
  A hydra (D:14)
  4 caustic shrike simulacra (IceCv)
  An alligator snapping turtle (Shoals:4)
  2 centaur warriors
  A merfolk avatar (Shoals:4)
  A death knight (D:13)
  A radroach (Spider:3)
  2 boulder beetles (D:14)
  8 satyrs (Shoals:4)
  A two-headed ogre (Orc:1)
  2 death yaks
  2 occultists (Volcano)
  A demonic crawler (Spider:2)
  3 skysharks
  2 pharaoh ants (Spider:1)
  A nameless horror (Shoals:2)
  4 orb spiders
  A glowing orange brain (D:15)
  3 orc knights
  2 sea snakes
  11 spriggan simulacra (IceCv)
  A deep elf pyromancer (D:13)
  A lindwurm (Lair:4)
  2 harpies (Shoals:4)
  3 orc sorcerers
  12 ugly things
  9 wolf spiders
  4 fauns
  4 steelbarb worms (Spider:3)
  A worldbinder (Shoals:1)
  A meliai (D:13)
  8 manticores
  3 merfolk sirens (Shoals:4)
  An elephant (Lair:5)
  3 toenail golems (Volcano)
  A black mamba (Lair:5)
  A kobold blastminer (Orc:2)
  A torpor snail (Lair:3)
  2 water nymphs (Shoals:4)
  A gargoyle (D:14)
  An orange demon (Lair:1)
  4 kobold demonologists
  5 rime drakes (Lair:3)
  10 cane toads
  4 freezing wraiths
  11 komodo dragons
  2 anaconda simulacra (IceCv)
  2 yaktaurs (D:15)
  6 ice devils (IceCv)
  4 merfolk
  3 polar bears (Lair:5)
  7 trolls
  3 alligator simulacra (IceCv)
  8 tarantellas
  7 blink frogs
  A raiju (Orc:2)
  15 jumping spiders
  5 slime creatures
  8 culicivoras
  3 wraiths
  A vampire (D:11)
  A wyvern (D:11)
  3 fire bats (Lair:3)
  41 yaks
  4 steam dragons
  2 wargs (Orc:2)
  4 humans (Volcano)
  21 redbacks
  2 vampire mosquitoes
  4 minotaur simulacra (IceCv)
  A spatial vortex (Shoals:1)
  2 harpy simulacra (IceCv)
  10 water moccasins
  A naga (Bazaar)
  An ettin simulacrum (IceCv)
  11 orc warriors
  A black bear (Lair:5)
  3 ice beasts (D:7)
  A sky beast (D:8)
  2 wolves (Lair:1)
  2 ogres
  A boggart (D:14)
  6 centaurs
  3 kobold brigands
  7 bullfrogs
  7 deep troll simulacra (IceCv)
  A gnoll sergeant (D:8)
  4 scorpions
  4 wights (D:10)
  A lindwurm simulacrum (IceCv)
  4 killer bees (D:8)
  6 electric eels
  A howler monkey (D:4)
  A bombardier beetle (D:6)
  4 hounds
  4 orc priests
  Jessica (D:2)
  5 orc wizards
  14 iguanas
  6 adders
  3 gnolls
  2 dart slugs
  A ribbon worm (D:2)
  14 orcs
  7 bats
  6 endoplasms
  5 giant cockroaches
  7 goblins
  5 hobgoblins
  6 jackals
  10 kobolds
  2 quokkas (D:1)
  6 ball pythons
  17 frilled lizards
  4 rats
531 creatures vanquished.

Vanquished Creatures (collateral kills)
  Nikola (Shoals:3)
  Jorgrun (Orc:2)
  A lich (D:11)
  2 krakens
  Polyphemus (Shoals:2)
  A broodmother (Spider:2)
  The ghost of Osyvawk the Marksdraconian, a journeyman DrMo of Hepliaklqana (Lair:4)
  2 minotaurs (Shoals:4)
  2 merfolk javelineers
  A fire dragon (D:14)
  Josephine (D:14)
  3 merfolk impalers
  A blizzard demon (IceCv)
  4 entropy weavers
  An ettin (D:11)
  A rakshasa (D:15)
  3 hydras
  The ghost of bmb222 the Cleaver, a journeyman DsFi of Gozag (D:11)
  An ogre mage (D:14)
  A jorogumo (Spider:3)
  Erolcha (D:9)
  2 caustic shrike simulacra (IceCv)
  A catoblepas (Shoals:2)
  2 radroaches
  A merfolk avatar (Lair:5)
  3 boulder beetles
  An alligator snapping turtle (Shoals:3)
  4 centaur warriors
  6 merfolk aquamancers
  5 satyrs
  A dancing weapon (Volcano)
  5 two-headed ogres
  5 death yaks
  2 demonic crawlers
  A tengu warrior (D:13)
  3 orc high priests (Orc:2)
  Amaemon (Lair:1)
  2 pharaoh ants
  3 skysharks
  2 skeletal warriors (D:11)
  5 orb spiders
  An obsidian statue (IceCv)
  5 sea snakes
  A sun moth (Spider:2)
  An orb spider (shapeshifter) (D:15)
  4 steelbarb worms
  10 harpies
  A large abomination (Shoals:1)
  A necromancer (D:11)
  2 orc knights (Orc:2)
  14 wolf spiders
  4 orc sorcerers
  21 ugly things
  4 fauns
  4 cyclopes
  9 manticores
  2 meliai (D:13)
  2 toenail golems (Volcano)
  A merfolk siren (Shoals:1)
  4 slime creatures (D:15)
  An apocalypse crab (Shoals:1)
  2 water nymphs
  2 kobold blastminers (Orc:2)
  3 torpor snails
  An unseen horror (D:13)
  4 cane toads
  A rime drake (Lair:1)
  2 kobold demonologists (D:13)
  Jeremiah (Lair:1)
  An orange demon (Orc:2)
  A freezing wraith (D:15)
  3 yaktaurs
  7 komodo dragons
  An ice devil (IceCv)
  An efreet (D:15)
  2 trolls
  An anaconda simulacrum (IceCv)
  3 hornets
  7 merfolk
  3 wind drakes
  2 polar bears
  12 blink frogs
  16 tarantellas
  15 jumping spiders
  8 culicivoras
  5 water elementals
  4 wraiths
  A shadow (D:11)
  2 centaur simulacra (D:11)
  A wyvern (Lair:5)
  3 basilisks
  21 yaks
  A human (Volcano)
  25 redbacks
  A vampire (D:11)
  A fire bat (Orc:2)
  2 steam dragons (Lair:5)
  3 wargs
  5 vampire mosquitoes
  A minotaur simulacrum (IceCv)
  A harpy simulacrum (IceCv)
  8 water moccasins
  An acid dragon (D:13)
  A hell hound (Orc:2)
  A black bear (D:6)
  2 merfolk zombies (Shoals:1)
  10 orc warriors
  4 laughing skulls
  A crocodile (shapeshifter) (D:15)
  An ogre (Orc:1)
  13 wolves
  17 centaurs
  4 boggarts (D:14)
  A kobold brigand (D:9)
  3 bullfrogs
  A phantom (D:5)
  A deep troll simulacrum (IceCv)
  A wight (D:10)
  4 killer bees (D:8)
  An electric eel (Bailey)
  3 jellies
  A hound (D:4)
  Crazy Yiuf (D:6)
  7 orc priests
  3 iguanas
  14 orc wizards
  7 gnolls
  2 adders
  A white imp (D:5)
  A dart slug (D:1)
  3 ribbon worms (D:2)
  43 orcs
  3 endoplasms
  A giant cockroach (D:2)
  10 goblins
  4 hobgoblins
  5 jackals
  14 kobolds
  2 ball pythons
  3 frilled lizards
  2 tentacles (Shoals:2)
559 creatures vanquished.

Vanquished Creatures (others)
  6 eldritch tentacles
  A manticore (Shoals:4)
  An apocalypse crab (Shoals:1)
  8 blazeheart cores
  12 snaplasher vines
  8 tentacles
36 creatures vanquished.

Grand Total: 1126 creatures vanquished

Notes
Turn   | Place    | Note
-------+----------+-------------------------------------------
     0 | D:1      | monsoonserge the Barachi Summoner began the quest for the
                  | Orb.
     0 | D:1      | Reached XP level 1. HP: 13/13 MP: 3/3
    41 | D:1      | Reached skill level 5 in Summonings
   110 | D:1      | Found Vuxan's Book Shop.
   200 | D:1      | Reached XP level 2. HP: 19/19 MP: 5/5
   271 | D:1      | Found Tiuts's Assorted Antiques.
   451 | D:1      | Bought a purple potion for 22 gold pieces
   695 | D:1      | Found Ecoih's Jewellery Shop.
   937 | D:1      | Reached XP level 3. HP: 20/24 MP: 4/7
  1131 | D:1      | Bought a scroll labelled PUULIP MAHY for 25 gold pieces
  1189 | D:2      | Learned a level 3 spell: Call Canine Familiar
  1391 | D:2      | Noticed Jessica
  1397 | D:2      | Killed Jessica
  1398 | D:2      | Reached skill level 1 in Fighting
  1398 | D:2      | Reached XP level 4. HP: 32/32 MP: 8/8
  1441 | D:2      | Reached skill level 1 in Staves
  1778 | D:1      | Bought a scroll labelled WEPLUPS NEAS for 25 gold pieces
  2013 | D:2      | Reached XP level 5. HP: 28/37 MP: 5/9
  2017 | D:2      | Reached skill level 6 in Summonings
  2399 | D:1      | Bought a scroll labelled XEARUCYSAUN for 25 gold pieces
  2718 | D:3      | Found a burning altar of Makhleb.
  2749 | D:3      | Found a radiant altar of Vehumet.
  2765 | D:3      | Found a sacrificial altar of Ru.
  2774 | D:3      | Reached skill level 1 in Short Blades
  2783 | D:3      | Became a worshipper of Ru the Awakened
  3185 | D:1      | Bought a scroll labelled XURGHA BIACU for 25 gold pieces
  3677 | D:4      | Reached XP level 6. HP: 41/44 MP: 6/10
  3811 | D:4      | Reached skill level 7 in Summonings
  3983 | D:4      | Found an ancient bone altar of Kikubaaqudgha.
  4086 | D:4      | Found a snail-covered altar of Cheibriados.
  4107 | D:5      | Entered Level 5 of the Dungeon
  4125 | D:4      | Reached XP level 7. HP: 23/51 MP: 6/11
  4252 | D:5      | Found an opulent altar of Gozag.
  4306 | D:4      | Fell from the grace of Ru
  4306 | D:4      | Became a worshipper of Cheibriados the Contemplative
  4350 | D:5      | Found a shimmering blue altar of Sif Muna.
  4787 | D:5      | Reached skill level 1 in Armour
  4828 | D:5      | Found a shadowy altar of Dithmenos.
  4954 | D:5      | Found a blossoming altar of Fedhas.
  4954 | D:5      | You fall into a shaft and drop 2 floors!
  5005 | D:7      | Reached skill level 8 in Summonings
  5005 | D:7      | Reached XP level 8. HP: 8/58 MP: 6/12
  5229 | D:7      | Reached skill level 1 in Polearms
  5229 | D:7      | Reached skill level 5 in Dodging
  5229 | D:7      | Reached * piety under Cheibriados
  5363 | D:6      | Reached skill level 1 in Invocations
  5635 | D:6      | Found a runed translucent door.
  5636 | D:6      | Noticed Crazy Yiuf
  5703 | D:6      | Reached skill level 9 in Summonings
  6360 | D:6      | Learned a level 4 spell: Summon Blazeheart Golem
  6365 | D:6      | Learned a level 4 spell: Summon Lightning Spire
  6479 | D:6      | Reached XP level 9. HP: 66/66 MP: 13/13
  6481 | D:6      | Found a staircase to the Ecumenical Temple.
  6494 | Temple   | Entered the Ecumenical Temple
  6786 | D:6      | Killed Crazy Yiuf
  6787 | D:6      | Reached skill level 1 in Fire Magic
  7241 | D:7      | Found a white marble altar of Elyvilon.
  7584 | D:8      | Reached skill level 1 in Air Magic
  7737 | D:8      | Reached ** piety under Cheibriados
  7916 | D:8      | Reached skill level 5 in Fighting
  8009 | D:8      | Reached skill level 10 in Summonings
  8010 | D:8      | Reached XP level 10. HP: 72/74 MP: 16/16
  8050 | D:8      | Found a hide-covered altar of Uskayaw.
  8108 | D:8      | Found a basalt altar of Yredelemnul.
  8173 | D:8      | Noticed a brown ugly thing
  8175 | D:8      | Noticed a centaur warrior
  8182 | D:8      | Reached skill level 5 in Polearms
  8182 | D:8      | Killed a brown ugly thing
  8183 | D:8      | Reached skill level 1 in Translocations
  8190 | D:8      | Killed a centaur warrior
  8388 | D:8      | Learned a level 5 spell: Summon Forest
  8410 | D:8      | Identified the amulet of Kiqir {Reflect Dex+4 SH+5}
  8514 | D:8      | Reached *** piety under Cheibriados
  8748 | D:9      | Noticed a red ugly thing
  9026 | D:9      | Killed a red ugly thing
  9203 | D:9      | Reached skill level 5 in Invocations
  9204 | D:9      | Noticed a two-headed ogre
  9207 | D:9      | Killed a two-headed ogre
  9208 | D:9      | Reached skill level 1 in Throwing
  9208 | D:9      | Reached skill level 1 in Shields
  9208 | D:9      | Reached skill level 5 in Spellcasting
  9208 | D:9      | Reached XP level 11. HP: 80/81 MP: 16/18
  9233 | D:9      | Identified the +1 cloak "Vudac" {Fly Dex+3}
  9275 | D:9      | Noticed a two-headed ogre
  9280 | D:9      | Killed a two-headed ogre
  9281 | D:9      | Reached skill level 11 in Summonings
  9288 | D:9      | Noticed Erolcha
  9534 | D:9      | Killed Erolcha
  9728 | D:9      | Upgraded the game from 0.31-a0-1591-g515db51633 to
                  | 0.31-a0-1603-gbec6b6ccbf
  9731 | D:10     | Entered Level 10 of the Dungeon
  9740 | D:10     | Reached **** piety under Cheibriados
  9961 | D:10     | Identified the serpent talisman of Gravity {Int+3}
 10014 | D:10     | Found a flagged portal.
 10041 | Bailey   | Entered a bailey
 10223 | Bailey   | Noticed an orc knight
 10249 | Bailey   | Killed an orc knight
 10249 | Bailey   | Reached ***** piety under Cheibriados
 10829 | Bailey   | Acquired 953 gold pieces
 10933 | Bailey   | Found an iron altar of Okawaru.
 10948 | Bailey   | Reached skill level 12 in Summonings
 10951 | Bailey   | Noticed an orc sorcerer
 10965 | Bailey   | Killed an orc sorcerer
 10966 | Bailey   | Reached XP level 12. HP: 58/89 MP: 3/22
 11321 | Bailey   | Acquired the +1 pair of boots of the Fletcher {rElec Str+5}
 11336 | Bailey   | Acquired the amulet "Ufuuce" {Reflect rElec rN+ Dex+2 SH+5
                  | SInv Stlth+}
 11604 | D:1      | Bought the ring "Udein" {^Drain rN++ rCorr Str+4} for 403
                  | gold pieces
 12299 | D:10     | Found an iron altar of Okawaru.
 12564 | D:11     | Found a runed translucent door.
 12565 | D:11     | Found a runed translucent door.
 12569 | D:11     | Noticed an ettin
 12600 | D:11     | Found a staircase to the Lair.
 12710 | D:11     | Reached skill level 5 in Armour
 12811 | D:11     | Reached ****** piety under Cheibriados
 12817 | D:11     | Noticed a boulder beetle
 12817 | D:11     | Noticed a lich
 12818 | D:11     | Noticed bmb222's ghost (journeyman DsFi)
 12819 | D:11     | Noticed a fire giant
 13363 | Lair:1   | Entered Level 1 of the Lair of Beasts
 13670 | Lair:1   | Identified the +0 leather armour of Laneruez {+Blink +Inv
                  | Dex+2}
 13671 | Lair:1   | Noticed Jeremiah
 13675 | Lair:1   | Killed Jeremiah
 13693 | Lair:1   | Reached skill level 13 in Summonings
 13694 | Lair:1   | Reached skill level 10 in Polearms
 13999 | Lair:1   | Gained mutation: You can hop long distances. [Barachi
                  | growth]
 13999 | Lair:1   | Reached XP level 13. HP: 98/98 MP: 16/23
 14094 | Lair:1   | Noticed Amaemon
 14105 | Lair:1   | Killed Amaemon
 14663 | Lair:2   | Learned a level 6 spell: Summon Cactus Giant
 15071 | Lair:2   | Found a staircase to the Shoals.
 15081 | Lair:2   | Reached skill level 1 in Hexes
 15909 | Lair:3   | Found the +4 skin of Zhor {*Englaciate rC+++ SInv}
 16064 | Lair:3   | Found a hole to the Spider Nest.
 16126 | Lair:3   | Found a dark tunnel.
 16142 | Volcano  | Entered a volcano
 16160 | Volcano  | Reached skill level 14 in Summonings
 16201 | Volcano  | Learned a level 5 spell: Summon Mana Viper
 16360 | Volcano  | Reached XP level 14. HP: 106/106 MP: 20/26
 16582 | Volcano  | HP: 4/106 [something (57)]
 17451 | Lair:4   | Found a runed translucent gate.
 17451 | Lair:4   | Found a runed translucent gate.
 17452 | Lair:4   | Found a runed translucent gate.
 17452 | Lair:4   | Noticed Osyvawk's ghost (journeyman DrMo)
 17944 | Lair:4   | Found a staircase to the Slime Pits.
 18097 | Lair:4   | Upgraded the game from 0.31-a0-1603-gbec6b6ccbf to
                  | 0.31-a0-1611-g890cdf5628
 18117 | Lair:5   | Entered Level 5 of the Lair of Beasts
 18227 | Lair:5   | Noticed a dire elephant
 18242 | Lair:5   | Killed a dire elephant
 18270 | Lair:5   | Reached skill level 10 in Spellcasting
 18940 | Lair:5   | Identified the +8 trident "Taishow" {flame, +Blink Str-5
                  | Int+6}
 19045 | Lair:5   | Identified the +1 falchion "Liggo" {pain, *Corrode rElec
                  | rF+ rN++}
 19278 | Lair:5   | Reached skill level 1 in Evocations
 19420 | Lair:5   | Identified the amulet "Sinnah" {Harm rElec rC- Regen+ SInv}
 19549 | Lair:4   | Killed Osyvawk's ghost
 20175 | D:12     | Reached XP level 15. HP: 114/114 MP: 26/29
 20179 | D:12     | Reached skill level 15 in Summonings
 20193 | D:12     | Learned a level 7 spell: Summon Hydra
 20399 | D:12     | Found a staircase to the Orcish Mines.
 20578 | D:13     | Found Zayd's Weapon Boutique.
 20942 | D:13     | Found a flickering gateway to a bazaar.
 20969 | Bazaar   | Entered a bazaar
 20969 | Bazaar   | Found Rygoopp's Assorted Antiques.
 20969 | Bazaar   | Found Icrioz's Antique Armour Shop.
 20969 | Bazaar   | Found Eschoq's Armour Shoppe.
 20970 | Bazaar   | Found Lulyas's Weapon Shoppe.
 20970 | Bazaar   | Found Elotiodu's Assorted Antiques.
 21002 | Bazaar   | Bought a bubbling black potion for 33 gold pieces
 21008 | Bazaar   | Bought a blue potion for 15 gold pieces
 21008 | Bazaar   | Bought a ruby potion for 15 gold pieces
 21008 | Bazaar   | Bought 2 fuming ruby potions for 30 gold pieces
 21008 | Bazaar   | Bought an encrusted arbalest for 161 gold pieces
 21008 | Bazaar   | Identified the +9 arbalest "Wallulue" {heavy, rN++ Dex-3}
                  | (You bought it in a shop in a bazaar)
 21010 | Bazaar   | Bought a potion of might for 68 gold pieces
 21016 | Bazaar   | Bought a fluorescent wand for 148 gold pieces
 21219 | D:13     | Got the Omnibus of the Magi
 21428 | D:13     | Found Werriust's Distillery.
 21444 | D:13     | Bought a potion of invisibility for 112 gold pieces
 21579 | D:13     | Found Goycuih's Antique Weapon Shoppe.
 21670 | D:13     | Found Byf Leodet's Antique Weapon Shoppe.
 22073 | D:14     | Noticed Josephine
 22086 | D:14     | Killed Josephine
 22281 | D:14     | Reached skill level 10 in Fighting
 22430 | D:14     | Found a gate to the Vaults.
 22547 | D:14     | Reached skill level 16 in Summonings
 22547 | D:14     | Reached skill level 5 in Evocations
 22551 | D:14     | Acquired 1299 gold pieces
 23298 | D:14     | Found a portal to a secret trove of treasure.
 23381 | D:15     | Entered Level 15 of the Dungeon
 24277 | D:15     | Reached XP level 16. HP: 123/123 MP: 13/31
 24652 | D:15     | Found a staircase to the Depths.
 25169 | Orc:1    | Entered Level 1 of the Orcish Mines
 25169 | Orc:1    | Found Puisuur's Book Shoppe.
 25547 | Orc:2    | Entered Level 2 of the Orcish Mines
 25557 | Orc:2    | Found a staircase to the Elven Halls.
 25561 | Orc:2    | Found Acwut's Book Emporium.
 25970 | Orc:2    | Found a shimmering altar of Xom.
 26132 | Orc:2    | Noticed Jorgrun
 26141 | Orc:2    | Killed Jorgrun
 26142 | Orc:2    | Reached skill level 17 in Summonings
 26452 | Orc:2    | Found Ofror's Magic Scroll Boutique.
 26462 | Orc:2    | Paralysed by an orc sorcerer for 5 turns
 26787 | Orc:2    | Found Ucsaxza's Armour Boutique.
 26795 | Orc:2    | Found Pucsed's Jewellery Shoppe.
 26798 | Orc:2    | Found Vaneukiv's Assorted Antiques.
 26812 | Orc:2    | Bought a fuming ruby potion for 16 gold pieces
 26822 | Orc:2    | Bought a scroll of fog for 44 gold pieces
 26822 | Orc:2    | Bought a scroll of noise for 11 gold pieces
 26904 | Orc:2    | Bought a phantom mirror for 720 gold pieces
 27124 | Spider:1 | Entered Level 1 of the Spider Nest
 27634 | Spider:1 | Noticed Louise
 27648 | Spider:1 | Killed Louise
 28041 | Spider:1 | Identified the +1 glaive of Feuk {venom, rElec Str+3 Dex+4}
 28070 | Spider:1 | Identified the +2 plate armour of the Sunfish {rElec rN++
                  | Str-5 SInv}
 28474 | Spider:2 | Reached skill level 18 in Summonings
 29335 | Spider:2 | Reached XP level 17. HP: 85/130 MP: 26/33
 29550 | Spider:2 | Got Sif Muna's Almanac of Helpful Elsewhere
 29554 | Spider:2 | Learned a level 2 spell: Blink
 29725 | Spider:2 | Reached skill level 5 in Shields
 30149 | Spider:3 | Found a glacial archway.
 30192 | IceCv    | Entered an ice cave
 31573 | IceCv    | Identified the +0 robe of the Blind Marksman {Slay+3}
 31595 | IceCv    | Identified the staff "Fuqitoh" {rCorr Dex+7 Conj Hexes}
 32035 | Spider:3 | Identified the +1 robe "Jiessan" {*Slow Fly rN+ Int+4}
 33173 | Spider:4 | Entered Level 4 of the Spider Nest
 33173 | Spider:4 | Identified the serpent talisman of Absence {Slay+3}
 33173 | Spider:4 | Noticed Aizul
 33198 | Spider:4 | Found a runed translucent gate.
 33198 | Spider:4 | Found a runed translucent gate.
 33198 | Spider:4 | Found a runed translucent gate.
 33199 | Spider:4 | Noticed Midpoint's ghost (adept DsRe)
 33200 | Spider:4 | Noticed DeathSocks's ghost (adept HOMo)
 33200 | Spider:4 | Noticed Ceotz's ghost (adept MiFi)
 33200 | Spider:4 | Noticed Doehiogo's ghost (adept DsRe)
 33308 | Lair:3   | Acquired the Incunabulum of Invitation
 33318 | Lair:3   | Learned a level 7 spell: Malign Gateway
 33451 | D:11     | Killed a lich
 33457 | D:11     | Killed bmb222's ghost
 33461 | D:11     | Reached skill level 19 in Summonings
 33461 | D:11     | Reached XP level 18. HP: 82/138 MP: 11/35
 33623 | D:11     | Got the Elucidation of the Evil Eye
 33804 | Shoals:1 | Entered Level 1 of the Shoals
 34147 | Shoals:1 | Found a runed translucent door.
 35147 | Shoals:1 | Found a corrupted altar of Lugonu.
 35149 | Shoals:1 | Found a one-way gate to the infinite horrors of the Abyss.
 35551 | Shoals:2 | Noticed Polyphemus
 35572 | Shoals:2 | Killed Polyphemus
 36058 | Shoals:2 | Reached skill level 5 in Translocations
 36346 | Shoals:3 | Noticed Nikola
 36718 | Shoals:3 | Killed Nikola
 36836 | Shoals:3 | Identified the +3 ring mail "Nenyhuvo" {rC+ Slay+6}
 37510 | Shoals:4 | Entered Level 4 of the Shoals
 38112 | Shoals:4 | Got the Papyrus of Ensnaring Graupel
 38585 | Shoals:4 | Reached skill level 15 in Spellcasting
 38868 | Shoals:4 | Reached XP level 19. HP: 144/144 MP: 38/38
 38876 | Shoals:4 | Learned a level 6 spell: Dispersal
 39161 | Shoals:4 | Got a barnacled rune of Zot
 39162 | Shoals:4 | Identified the ring "Raqeyl" {rPois rN++ rCorr Str-3 Int+3}
 39933 | Spider:4 | Reached skill level 20 in Summonings
 39967 | Spider:4 | Killed Aizul
 40155 | Spider:4 | Reached skill level 10 in Dodging
 40171 | Spider:4 | Noticed Donald
 40181 | Spider:4 | Reached skill level 10 in Shields
 40191 | Spider:4 | HP: 6/136 [Donald/+0 demon trident (10)]
 40191 | Spider:4 | Slain by a wolf spider

Illustrated notes

Levels and vault maps discovered:
D:1:      moated_graveyard_arrival, layout_basic, serial_shops,
          nicolae_diamond_shop, shop, nicolae_shop_hallway_plus
D:2:      layout_basic, uniq_jessica
D:3:      layout_loops_ring, fiery_altar_vehumet,
          mainiacjoe_overflow_small_starburst,
          nicolae_ru_great_annihilating_truth, minmay_pentangle
D:4:      layout_gridville, nicolae_overflow_hidden_temple, lemuel_doored_altar
D:5:      layout_rooms, mainiacjoe_overflow_alcove_2,
          mainiacjoe_overflow_alcove_4, led_sif_pool, grunt_gozag_breadcrumbs,
          kennysheep_generic_room_12
D:6:      layout_basic, minmay_temple_entry_trees, nicolae_tricolors,
          uniq_crazy_yiuf_cottage
D:7:      layout_loops_ring, mainiacjoe_overflow_cross_hatched,
          grunt_ministairs_9, nicolae_letterblocks [nicolae_letter_subblock,
          nicolae_letter_subblock, nicolae_letter_subblock,
          nicolae_letter_subblock, nicolae_letter_subblock,
          nicolae_letter_subblock, nicolae_letter_subblock,
          nicolae_letter_subblock, nicolae_letter_subblock,
          nicolae_letter_subblock, nicolae_letter_subblock,
          nicolae_letter_subblock, nicolae_letter_subblock,
          nicolae_letter_subblock, nicolae_letter_subblock,
          nicolae_letter_subblock, nicolae_letter_subblock,
          nicolae_letter_subblock, nicolae_letter_subblock,
          nicolae_letter_subblock, nicolae_letter_subblock,
          nicolae_letter_subblock, nicolae_letter_subblock,
          nicolae_letter_subblock, nicolae_letter_subblock]
D:8:      minmay_blocky_corners, layout_loops_ring,
          nicolae_uskayaw_murder_on_the_dancefloor,
          mainiacjoe_overflow_concentric_impassable
D:9:      layout_cave_pools, uniq_erolcha
D:10:     lemuel_reptile_caves, layout_rooms, okawaru_altar_gauntlet_db,
          enter_bailey_3
D:11:     layout_roguey, david_lair_shrubbed, muffindrake_ghost_dual_entry
D:12:     layout_loops_cross, hiddenorc1_lemuel
D:13:     layout_loops_corners, serial_shops, bzr_entry_gold,
          nicolae_lakefront_shop, shop, shop, nicolae_shop_crystal
D:14:     layout_loops_cross, david_vaults_2, serial_rivers,
          chequers_serial_rivers_large_b, chequers_serial_rivers_small_b,
          chequers_serial_rivers_small_a, chequers_serial_rivers_room_b,
          chequers_serial_rivers_small_a, chequers_serial_rivers_marsh,
          nicolae_trove_entry_diagonal, nicolae_water_bricks, minmay_bent,
          uniq_josephine
D:15:     gammafunk_enter_depths_forms, layout_stronghold,
          hangedman_decor_growths
Temple:   kb_temple_of_zot
Lair:1:   layout_chaotic_city, serial_bayou_shore_b, grunt_megastairs_5,
          serial_bayou_shore_b, uniq_amaemon, uniq_jeremiah
Lair:2:   layout_layer_cave, minmay_shoals_entry_beasts,
          grunt_forest_small_clearing_treed
Lair:3:   layout_small_grid, spider_nest_entry_a, nicolae_volcano_entry_batcave,
          hellmonk_guarded_unrand_zhor, infiniplex_staircase_pool_2
Lair:4:   layout_loops_ring, dpeg_slime_entry_enclosed,
          ebering_ghost_rock_garden, nicolae_lair_run_with_the_wolves
Lair:5:   gammafunk_lair_ancient_temple, layout_regular_city,
          gammafunk_lair_bear_cave
Shoals:1: layout_shoals, nicolae_shoals_abyss_on_the_beach
Shoals:2: layout_shoals, uniq_polyphemus
Shoals:3: layout_shoals, nicolae_shoals_aquamancer_cove, uniq_nikola
Shoals:4: shoals_end_hellmonk_lost_city
Spider:1: nicolae_spider_mines_3, nicolae_spider_paper_wasps, uniq_louise
Spider:2: layout_spider_delve
Spider:3: layout_spider_delve, portal_ice_cave_entry_ugly_swarm
Spider:4: hellmonk_spider_rune_endless_swarm, gammafunk_ghost_cemetery,
          uniq_donald, uniq_aizul
Orc:1:    layout_caves, serial_shops, nicolae_shop_hallway_stairs
Orc:2:    st_orc_elflike, layout_diamond_mine, serial_shops,
          nicolae_book_shop_shelving, nicolae_orc_stalacmites,
          regret_index_xom_of_box, uniq_jorgrun

Skill      XL: |  1  2  3  4  5  6  7  8  9 10 11 12 13 14 15 16 17 18 19 |
---------------+----------------------------------------------------------+-----
Summonings     | 5 6 7 8 9 10 12 13 14 16 18 19 20 | 20.0
Fighting       | 1 2 3 4 5 6 8 9 10 11 | 11.7
Stealth        | 2 3 4 |  4.0
Staves         | 1 |  1.0
Spellcasting   | 3 4 5 7 8 10 11 12 13 15 | 15.7
Dodging        | 3 4 5 6 7 8 9 10 | 10.1
Short Blades   | 1 2 3 |  3.1
Armour         | 1 4 6 7 8 |  8.2
Polearms       | 2 4 7 8 10 11 12 13 | 13.9
Invocations    | 2 3 5 6 7 8 |  8.5
Fire Magic     | 2 |  2.0
Air Magic      | 2 |  2.0
Translocations | 3 4 5 6 |  6.2
Throwing       | 1 2 3 |  3.9
Shields        | 1 4 8 9 10 | 10.0
Hexes          | 1 2 |  2.0
Evocations     | 1 5 7 |  7.0
Axes           | |  0.2

Action                     |  1- 3 |  4- 6 |  7- 9 | 10-12 | 13-15 | 16-18 | 19-21 || total
---------------------------+-------+-------+-------+-------+-------+-------+-------++-------
  Melee: Unarmed           |    32 |       |       |       |       |       |       ||    32
         Quarterstaff      |    21 |       |       |       |       |       |       ||    21
         Hand axe          |     8 |       |       |       |       |       |       ||     8
         Punch             |     1 |       |       |     4 |     4 |       |       ||     9
         Dagger            |     4 |   146 |    38 |       |       |       |       ||   188
         Demon trident     |       |       |   109 |   307 |   295 |    29 |       ||   740
         Trident           |       |       |       |       |   254 |   856 |    40 ||  1150
  Throw: Dart              |       |       |     2 |    13 |    24 |     3 |       ||    42
         Boomerang         |       |       |       |     3 |       |    14 |       ||    17
   Cast: Summon Small Mamm |    32 |    25 |    41 |     2 |       |       |       ||   100
         Call Canine Famil |       |    11 |    21 |    27 |     6 |       |       ||    65
         Summon Lightning  |       |       |     2 |    34 |    39 |    28 |     3 ||   106
         Summon Blazeheart |       |       |       |    11 |    13 |     7 |       ||    31
         Summon Forest     |       |       |       |    17 |    29 |    28 |     7 ||    81
         Summon Cactus Gia |       |       |       |       |    49 |   102 |     9 ||   160
         Summon Hydra      |       |       |       |       |    14 |   109 |    10 ||   133
         Summon Mana Viper |       |       |       |       |     3 |     7 |     3 ||    13
         Malign Gateway    |       |       |       |       |       |     4 |     2 ||     6
 Invoke: Step From Time    |       |       |       |       |     1 |       |       ||     1
Ability: Hop               |       |     1 |     3 |     4 |     3 |     5 |     1 ||    17
         Evoke Blink       |       |       |       |       |     1 |     3 |       ||     4
  Evoke: Wand              |       |       |     1 |     1 |     2 |     1 |       ||     5
         Sack of spiders   |       |       |       |       |     2 |       |       ||     2
    Use: Scroll            |       |       |     1 |    12 |     9 |    11 |       ||    33
         Potion            |       |       |     2 |       |     2 |       |       ||     4
   Stab: Sleeping          |     3 |     6 |     3 |     7 |    17 |    15 |       ||    51
         Distracted        |       |     1 |     3 |     6 |    19 |    20 |       ||    49
         Petrified         |       |       |       |       |       |     3 |       ||     3
         Petrifying        |       |       |       |       |       |     1 |       ||     1
 Armour: Robe              |    44 |    85 |    22 |       |       |       |       ||   151
         Leather armour    |       |       |    33 |       |       |       |       ||    33
         Steam dragon scal |       |       |    49 |    82 |       |       |       ||   131
         Scale mail        |       |       |       |    31 |    49 |       |       ||    80
         Animal skin       |       |       |       |       |   108 |   198 |    23 ||   329
  Dodge: Dodged            |    81 |   127 |   106 |   186 |   228 |   240 |    24 ||   992
  Block: Other             |       |       |       |    47 |    52 |    13 |       ||   112
         Reflection        |       |       |       |     5 |     7 |    45 |     3 ||    60
         Tower shield      |       |       |       |       |       |   647 |    56 ||   703

Table legend: (Time is in decaauts)
 A = Elapsed time spent in this place.
 B = Non-inter-level travel time spent in this place.
 C = Inter-level travel time spent in this place.
 D = Time resting spent in this place.
 E = Time spent auto-exploring this place.
 F = Levels seen in this place.
 G = Mean time per level.
                   A        B        C        D        E       F      G
               +--------+--------+--------+--------+--------+-----+--------+
         Total |  65581 |  58039 |   7542 |   6281 |  34626 |  35 | 1873.7 |
       Dungeon |  27583 |  23546 |   4037 |   1663 |  15176 |  15 | 1838.9 |
        Temple |      1 |      1 |      0 |      0 |      0 |   1 |    1.0 |
          Lair |  11730 |  10112 |   1618 |    573 |   7036 |   5 | 2346.0 |
        Shoals |   9211 |   8504 |    707 |   1302 |   4744 |   4 | 2302.8 |
   Spider Nest |   8470 |   7540 |    930 |    943 |   4625 |   4 | 2117.5 |
  Orcish Mines |   3271 |   3022 |    249 |    133 |   1713 |   2 | 1635.5 |
        Bazaar |    132 |    132 |      0 |      0 |      0 |   1 |  132.0 |
        Bailey |   1840 |   1840 |      0 |    632 |    236 |   1 | 1840.0 |
      Ice Cave |   2374 |   2374 |      0 |    678 |    979 |   1 | 2374.0 |
       Volcano |    965 |    965 |      0 |    356 |    113 |   1 |  965.0 |
               +--------+--------+--------+--------+--------+-----+--------+

Top non-repeatable levels by time:
  Lair:2: 3104 daAuts
Spider:3: 2912 daAuts
    D:15: 2716 daAuts
Spider:2: 2702 daAuts
    D:11: 2691 daAuts
Shoals:1: 2600 daAuts
   Orc:2: 2550 daAuts
    D:13: 2538 daAuts
    D:14: 2534 daAuts
Spider:1: 2510 daAuts
  Lair:4: 2483 daAuts
   IceCv: 2374 daAuts
     D:8: 2358 daAuts
Shoals:4: 2315 daAuts
  Lair:1: 2181 daAuts
